 Dungeon Crawl Stone Soup version 0.27-a0-1597-ge58577e147 (webtiles) character file.

Game seed: 858598173263138793

1452 IndexError the Chiller (level 8, -1/58 HPs)
             Began as a Gnoll Ice Elementalist on July 21, 2021.
             Was an Initiate of Ashenzari.
             Killed from afar by an electric eel (5 damage)
             ... with a bolt of electricity
             ... on level 6 of the Dungeon.
             The game lasted 00:14:00 (6804 turns).

IndexError the Chiller (Gnoll Ice Elementalist)     Turns: 6804, Time: 00:14:01

Health: -1/58      AC:  6    Str:  7    XL:     8   Next: 75%
Magic:  0/17       EV: 14    Int: 18    God:    Ashenzari [......]
Gold:   1453       SH:  0    Dex: 12    Spells: 11/19 levels left

rFire    . . .     SeeInvis .   b - +2 hunting sling (flame)
rCold    + . .     Faith    .   (no shield)
rNeg     . . .     Spirit   +   o - +0 robe
rPois    .         Reflect  .   (no helmet)
rElec    .         Harm     .   s - +2 cloak "Shackled Chagrin" {Melee, Range} (curse)
rCorr    .         Rampage  .   g - +0 pair of gloves
Will     +....                  (no boots)
Stlth    +++.......             l - amulet of guardian spirit {Spirit}
HPRegen  0.19/turn              t - ring of protection from cold {rC+, !d}
MPRegen  0.15/turn              k - ring of willpower

@: no status effects
A: fangs 1, strong nose, distributed training
a: Renounce Religion, Shatter the Chains


You were on level 6 of the Dungeon.
You worshipped Ashenzari.
Ashenzari was noncommittal.
You visited 1 branch of the dungeon, and saw 6 of its levels.

You collected 1453 gold pieces.

Inventory:

Hand Weapons
 a - a +2 mace of holy wrath
   (You found it on level 3 of the Dungeon)
 b - a +2 hunting sling of flaming (weapon)
   (You took it off a goblin on level 2 of the Dungeon)
Missiles
 e - 8 atropa-tipped darts
 q - 188 stones (quivered ammo)
 x - a throwing net {=f, !d}
Armour
 g - a +0 pair of gloves (worn)
   (You found it on level 2 of the Dungeon)
 o - a +0 robe (worn)
 s - the cursed +2 cloak "Shackled Chagrin" (worn) {Melee, Range}
   (You found it on level 4 of the Dungeon)

   It has a curse which improves the following skills: Melee Combat: Short
   Blades, Long Blades, Axes, Maces & Flails, Polearms, Staves and Unarmed
   Combat.
   Ranged Combat: Slings, Bows, Crossbows and Throwing.
Jewellery
 k - a ring of willpower (right hand)
   (You found it on level 5 of the Dungeon)
 l - an amulet of guardian spirit (around neck) {Spirit}
   (You found it on level 5 of the Dungeon)
 t - a ring of protection from cold (left hand) {rC+, !d}
   (You found it on level 4 of the Dungeon)
Wands
 u - a wand of iceblast (8)
   (You found it on level 4 of the Dungeon)
Scrolls
 c - 2 scrolls of teleportation
 d - a scroll of amnesia
 f - a scroll of magic mapping {!r}
 i - 3 scrolls of enchant weapon
 j - a scroll of immolation {!r}
 v - a scroll of fog
Potions
 h - a potion of lignification {!q}
 m - 4 potions of attraction {!q}
 n - a potion of haste
 w - 2 potions of invisibility
 z - a potion of resistance


   Skills:
 + Level 3.5 Fighting
 + Level 3.5(4.0) Short Blades
 + Level 3.5(4.0) Long Blades
 + Level 3.5(4.0) Axes
 + Level 3.5(4.0) Maces & Flails
 + Level 3.5(4.0) Polearms
 + Level 3.5(4.0) Staves
 + Level 3.5(4.0) Slings
 + Level 3.5(4.0) Bows
 + Level 3.5(4.0) Crossbows
 + Level 3.5(4.0) Throwing
 + Level 3.5 Armour
 + Level 5.8 Dodging
 + Level 5.5 Stealth
 + Level 3.5 Shields
 + Level 3.5(4.0) Unarmed Combat
 + Level 6.2 Spellcasting
 + Level 2.9 Conjurations
 + Level 2.9 Hexes
 + Level 2.9 Summonings
 + Level 2.9 Necromancy
 + Level 2.9 Translocations
 + Level 2.9 Transmutations
 + Level 2.9 Fire Magic
 + Level 7.7 Ice Magic
 + Level 2.9 Air Magic
 + Level 2.9 Earth Magic
 + Level 2.9 Poison Magic
 + Level 3.9 Invocations
 + Level 3.5 Evocations


You had 11 spell levels left.
You knew the following spells:

 Your Spells              Type           Power      Damage    Failure   Level
a - Freeze                Ice            100%       1d11      1%          1
b - Frozen Ramparts       Ice            66%        1d8       1%          3
c - Animate Skeleton      Necr           32%        N/A       3%          1
A - Ozocubu's Armour      Ice            33%        N/A       1%          3

Your spell library contained the following spells:

 Spells                   Type           Power      Damage    Failure   Level
 Pain                     Necr           64%        1d7       3%          1
 Inner Flame              Hex/Fire       16%        N/A       11%         3
 Vampiric Draining        Necr           8%         2d7       11%         3
 Hailstorm                Conj/Ice       24%        3d7       13%         4
 Cause Fear               Hex            8%         N/A       34%         4
 Discord                  Hex            8%         N/A       100%        8


Dungeon Overview and Level Annotations

Branches:
Dungeon (6/15)
 Temple: D:4-7

Altars:
Ashenzari
Nemelex Xobeh
Ru


Innate Abilities, Weirdness & Mutations

You have very sharp teeth.
Your uncanny sense of smell can sniff out nearby items.
Your experience applies equally to all skills.


Message History

You shoot a stone. The stone misses the electric eel.
You hear a splash.
The electric eel shoots out a bolt of lightning at you!
The bolt of electricity hits you!
You shoot a stone. The stone hits the electric eel!
The stone burns the electric eel.
You hear a splash.
You shoot a stone.
The stone barely misses the electric eel.
You hear a splash.
The electric eel shoots out a bolt of lightning at you!
The bolt of electricity hits you!
You are too injured to fight recklessly!
You take 18 damage, and have 34/58 hp.
MASSIVE DAMAGE!!
You now have 9/17 mp.
You are too injured to fight recklessly!
You are too injured to fight recklessly!
You are too injured to fight recklessly!
Fire: 198 stones
Press: ? - help, Q - select action Shift-Dir - straight line, f/p - electric eel
Aim: an electric eel (almost dead, 46% to hit)
You shoot a stone.
The stone closely misses the electric eel.
You hear a splash.
The electric eel shoots out a bolt of lightning at you!
The bolt of electricity hits you!
Unknown command.
You take 7 damage, and have 27/58 hp.
You now have 8/17 mp.
Fire: 197 stones
Press: ? - help, Q - select action Shift-Dir - straight line, f/p - electric eel
Aim: an electric eel (almost dead, 46% to hit)
You shoot a stone.
The stone completely misses the electric eel.
You hear a splash.
The electric eel shoots out a bolt of lightning at you!
The bolt of electricity hits you.
You take 3 damage, and have 24/58 hp.
You now have 6/17 mp.
Fire: 196 stones
Press: ? - help, Q - select action Shift-Dir - straight line, f/p - electric eel
Aim: an electric eel (almost dead, 46% to hit)
You shoot a stone.
The stone completely misses the electric eel.
You hear a splash.
Fire: 195 stones
Press: ? - help, Q - select action Shift-Dir - straight line, f/p - electric eel
Aim: an electric eel (almost dead, 46% to hit)
You shoot a stone.
The stone hits the electric eel but does no damage.
You hear a splash.
Fire: 194 stones
Press: ? - help, Q - select action Shift-Dir - straight line, f/p - electric eel
Aim: an electric eel (almost dead, 46% to hit)
You shoot a stone. The stone hits the electric eel.
The stone burns the electric eel.
The electric eel shoots out a bolt of lightning at you!
The bolt of electricity hits you.
You take 5 damage, and have 19/58 hp.
You now have 5/17 mp.
Fire: 193 stones
Press: ? - help, Q - select action Shift-Dir - straight line, f/p - electric eel
Aim: an electric eel (almost dead, 46% to hit)
You shoot a stone.
The stone closely misses the electric eel.
You hear a splash.
Fire: 192 stones
Press: ? - help, Q - select action Shift-Dir - straight line, f/p - electric eel
Aim: an electric eel (almost dead, 46% to hit)
You shoot a stone.
The stone barely misses the electric eel.
You hear a splash.
The electric eel shoots out a bolt of lightning at you!
The bolt of electricity hits you.
Fire: 191 stones
Press: ? - help, Q - select action Shift-Dir - straight line, f/p - electric eel
Aim: an electric eel (almost dead, 46% to hit)
You shoot a stone.
The stone barely misses the electric eel.
You hear a splash.
The electric eel shoots out a bolt of lightning at you!
The bolt of electricity hits you!
* * * LOW HITPOINT WARNING * * *
Unknown command.
Fire: 190 stones
Press: ? - help, Q - select action Shift-Dir - straight line, f/p - electric eel
Aim: an electric eel (almost dead, 46% to hit)
You shoot a stone.
The stone closely misses the electric eel.
You hear a splash.
You take 11 damage, and have 8/58 hp.
You now have 2/17 mp.
Fire: 189 stones
Press: ? - help, Q - select action Shift-Dir - straight line, f/p - electric eel
Aim: an electric eel (almost dead, 46% to hit)
You shoot a stone.
The stone closely misses the electric eel.
You hear a splash.
The electric eel shoots out a bolt of lightning at you!
The bolt of electricity hits you.
* * * LOW HITPOINT WARNING * * *
You take 4 damage, and have 4/58 hp.
You now have 1/17 mp.
The electric eel shoots out a bolt of lightning at you!
The bolt of electricity hits you.
You die...

........#. ..........
♣..>.....#### .
≈≈.......?..##.♣
(P♣.........>#.♣∆
(;.............♣
♣..............♣ .
...$...........♣ _.
.#......@.....#♣ ...
##............♣ .≈≈≈
#............♣ ≈≈≈≈≈
#.[..........♣......
#......(......♣
##.......)<..###
####........)...#
#...............########
#.......................


You could see an electric eel.

Vanquished Creatures
  Grinder (D:5)
  A water moccasin (D:5)
  An ice beast (D:6)
  A necrophage (D:5)
  An ogre (D:5)
  3 scorpions (D:5)
  3 bullfrog zombies
  A centaur zombie (D:5)
  3 hounds
  A jelly (D:5)
  An orc priest (D:2)
  A bullfrog skeleton (D:5)
  2 iguanas
  3 orc wizards (D:5)
  A hound zombie (D:5)
  A hound skeleton (D:5)
  A howler monkey zombie (D:5)
  4 gnolls
  6 adders
  2 ufetubi
  An adder skeleton (D:5)
  3 worms
  2 dart slugs (D:1)
  18 orcs
  3 endoplasms (D:1)
  4 giant cockroaches
  4 goblins
  12 hobgoblins
  9 jackals
  5 quokkas
  4 ball pythons
  6 bats
  4 frilled lizards
  5 kobolds
  6 rats
124 creatures vanquished.

Vanquished Creatures (others)
  9 plants (D:6)
9 creatures vanquished.

Grand Total: 133 creatures vanquished

Notes
Turn   | Place    | Note
-------+----------+-------------------------------------------
     0 | D:1      | IndexError the Gnoll Ice Elementalist began the quest for
                  | the Orb.
     0 | D:1      | Reached XP level 1. HP: 13/13 MP: 6/6
   323 | D:1      | Reached XP level 2. HP: 18/19 MP: 5/7
   766 | D:1      | Reached XP level 3. HP: 25/25 MP: 9/9
   779 | D:1      | Reached skill level 5 in Spellcasting
  1147 | D:2      | Reached skill level 1 in Invocations
  1386 | D:2      | Reached skill level 1 in Fighting
  1386 | D:2      | Reached skill level 1 in Short Blades
  1386 | D:2      | Reached skill level 1 in Long Blades
  1386 | D:2      | Reached skill level 1 in Axes
  1386 | D:2      | Reached skill level 1 in Maces & Flails
  1386 | D:2      | Reached skill level 1 in Polearms
  1386 | D:2      | Reached skill level 1 in Staves
  1386 | D:2      | Reached skill level 1 in Slings
  1386 | D:2      | Reached skill level 1 in Bows
  1386 | D:2      | Reached skill level 1 in Crossbows
  1386 | D:2      | Reached skill level 1 in Throwing
  1386 | D:2      | Reached skill level 1 in Armour
  1386 | D:2      | Reached skill level 1 in Shields
  1386 | D:2      | Reached skill level 1 in Unarmed Combat
  1386 | D:2      | Reached skill level 1 in Evocations
  1390 | D:2      | Learned a level 3 spell: Frozen Ramparts
  1394 | D:2      | Learned a level 3 spell: Ozocubu's Armour
  1396 | D:2      | Learned a level 1 spell: Animate Skeleton
  1536 | D:2      | Found a faded altar of an unknown god.
  1545 | D:2      | Reached XP level 4. HP: 29/32 MP: 7/11
  1948 | D:2      | Reached skill level 1 in Conjurations
  1948 | D:2      | Reached skill level 1 in Hexes
  1948 | D:2      | Reached skill level 1 in Summonings
  1948 | D:2      | Reached skill level 1 in Necromancy
  1948 | D:2      | Reached skill level 1 in Translocations
  1948 | D:2      | Reached skill level 1 in Transmutations
  1948 | D:2      | Reached skill level 1 in Fire Magic
  1948 | D:2      | Reached skill level 1 in Air Magic
  1948 | D:2      | Reached skill level 1 in Earth Magic
  1948 | D:2      | Reached skill level 1 in Poison Magic
  2619 | D:3      | Reached XP level 5. HP: 37/37 MP: 9/12
  4197 | D:4      | Reached XP level 6. HP: 39/44 MP: 6/13
  4198 | D:4      | Reached skill level 2 in Invocations
  4958 | D:5      | Entered Level 5 of the Dungeon
  4993 | D:5      | Reached skill level 5 in Dodging
  5026 | D:5      | Found a sparkling altar of Nemelex Xobeh.
  5026 | D:5      | Found a broken altar of Ashenzari.
  5036 | D:5      | Reached skill level 2 in Fighting
  5036 | D:5      | Reached skill level 2 in Short Blades
  5036 | D:5      | Reached skill level 2 in Long Blades
  5036 | D:5      | Reached skill level 2 in Axes
  5036 | D:5      | Reached skill level 2 in Maces & Flails
  5036 | D:5      | Reached skill level 2 in Polearms
  5036 | D:5      | Reached skill level 2 in Staves
  5036 | D:5      | Reached skill level 2 in Slings
  5036 | D:5      | Reached skill level 2 in Bows
  5036 | D:5      | Reached skill level 2 in Crossbows
  5036 | D:5      | Reached skill level 2 in Throwing
  5036 | D:5      | Reached skill level 2 in Armour
  5036 | D:5      | Reached skill level 2 in Shields
  5036 | D:5      | Reached skill level 2 in Unarmed Combat
  5036 | D:5      | Reached skill level 2 in Evocations
  5048 | D:5      | Became a worshipper of Ashenzari the Shackled
  5048 | D:5      | Identified a scroll of acquirement
  5053 | D:5      | Acquired 1261 gold pieces
  5139 | D:5      | Noticed a water moccasin
  5151 | D:5      | Killed a water moccasin
  5152 | D:5      | Reached XP level 7. HP: 47/50 MP: 9/15
  5247 | D:5      | Noticed Grinder
  5262 | D:5      | Paralysed by Grinder for 2 turns
  5275 | D:5      | Killed Grinder
  5276 | D:5      | Reached skill level 2 in Conjurations
  5276 | D:5      | Reached skill level 2 in Hexes
  5276 | D:5      | Reached skill level 2 in Summonings
  5276 | D:5      | Reached skill level 2 in Necromancy
  5276 | D:5      | Reached skill level 2 in Translocations
  5276 | D:5      | Reached skill level 2 in Transmutations
  5276 | D:5      | Reached skill level 2 in Fire Magic
  5276 | D:5      | Reached skill level 2 in Air Magic
  5276 | D:5      | Reached skill level 2 in Earth Magic
  5276 | D:5      | Reached skill level 2 in Poison Magic
  5549 | D:5      | Reached skill level 5 in Stealth
  5708 | D:5      | Reached skill level 3 in Invocations
  5986 | D:5      | Reached XP level 8. HP: 53/57 MP: 9/16
  6083 | D:5      | Reached skill level 3 in Fighting
  6083 | D:5      | Reached skill level 3 in Short Blades
  6083 | D:5      | Reached skill level 3 in Long Blades
  6083 | D:5      | Reached skill level 3 in Axes
  6083 | D:5      | Reached skill level 3 in Maces & Flails
  6083 | D:5      | Reached skill level 3 in Polearms
  6083 | D:5      | Reached skill level 3 in Staves
  6083 | D:5      | Reached skill level 3 in Slings
  6083 | D:5      | Reached skill level 3 in Bows
  6083 | D:5      | Reached skill level 3 in Crossbows
  6083 | D:5      | Reached skill level 3 in Throwing
  6083 | D:5      | Reached skill level 3 in Armour
  6083 | D:5      | Reached skill level 3 in Shields
  6083 | D:5      | Reached skill level 3 in Unarmed Combat
  6083 | D:5      | Reached skill level 3 in Evocations
  6190 | D:5      | Reached skill level 6 in Spellcasting
  6552 | D:6      | Found a sacrificial altar of Ru.
  6557 | D:6      | Noticed a yak
  6801 | D:6      | HP: 8/58 [electric eel/bolt of electricity (10)]
  6804 | D:6      | Killed from afar by an electric eel

Illustrated notes

Levels and vault maps discovered:
D:1:      lightli_molten_gateway, layout_loops_corners, eino_curves_03
D:2:      layout_basic, hellmonk_ecumenical_altar_arch_garden
D:3:      layout_loops_cross, kennysheep_crisscross
D:4:      layout_gridville, nrook_mini_vaults, sigmund_army
D:5:      minmay_diamond_boxcup, layout_loops_ring,
          chequers_temple_overflow_statue_of_worship, uniq_grinder
D:6:      layout_rooms, nicolae_overflow_hidden_temple,
          mainiacjoe_overflow_paths, mainiacjoe_overflow_divided_tiny,
          serial_bayou, serial_bayou_ford_a, serial_bayou_shore_a,
          serial_bayou_pond_a, serial_bayou_lagoon_b, serial_bayou_pond_a,
          serial_bayou_lagoon_a

Skill      XL: |  1  2  3  4  5  6  7  8 |
---------------+-------------------------+-----
Spellcasting   | 5 6 |  6.2
Invocations    | 1 2 3 |  3.9
Fighting       | 1 2 3 |  3.5
Short Blades   | 1 2 3 |  3.5
Long Blades    | 1 2 3 |  3.5
Axes           | 1 2 3 |  3.5
Maces & Flails | 1 2 3 |  3.5
Polearms       | 1 2 3 |  3.5
Staves         | 1 2 3 |  3.5
Slings         | 1 2 3 |  3.5
Bows           | 1 2 3 |  3.5
Crossbows      | 1 2 3 |  3.5
Throwing       | 1 2 3 |  3.5
Armour         | 1 2 3 |  3.5
Shields        | 1 2 3 |  3.5
Unarmed Combat | 1 2 3 |  3.5
Evocations     | 1 2 3 |  3.5
Conjurations   | 1 2 |  2.9
Hexes          | 1 2 |  2.9
Summonings     | 1 2 |  2.9
Necromancy     | 1 2 |  2.9
Translocations | 1 2 |  2.9
Transmutations | 1 2 |  2.9
Fire Magic     | 1 2 |  2.9
Air Magic      | 1 2 |  2.9
Earth Magic    | 1 2 |  2.9
Poison Magic   | 1 2 |  2.9
Dodging        | 5 |  5.8
Stealth        | 5 |  5.5
Ice Magic      | |  7.7

Action                   |  1- 3 |  4- 6 |  7- 9 || total
-------------------------+-------+-------+-------++-------
Melee: Dagger            |    30 |    32 |       ||    62
       Bite              |     2 |     2 |     3 ||     7
       Mace              |       |    21 |    54 ||    75
 Fire: Hunting sling     |       |    48 |   113 ||   161
 Cast: Freeze            |    40 |    27 |     1 ||    68
       Ozocubu's Armour  |       |     5 |     9 ||    14
       Frozen Ramparts   |       |     5 |     8 ||    13
Invok: Curse Item        |       |       |     1 ||     1
  Use: Scroll            |       |     3 |       ||     3
 Stab: Sleeping          |    10 |    11 |       ||    21
       Distracted        |       |     1 |       ||     1
Armor: Robe              |    12 |    13 |    41 ||    66
Dodge: Dodged            |    45 |    53 |    65 ||   163

Table legend: (Time is in decaauts)
 A = Elapsed time spent in this place.
 B = Non-inter-level travel time spent in this place.
 C = Inter-level travel time spent in this place.
 D = Time resting spent in this place.
 E = Time spent auto-exploring this place.
 F = Levels seen in this place.
 G = Mean time per level.
                   A        B        C        D        E       F      G
               +--------+--------+--------+--------+--------+-----+--------+
         Total |   6817 |   6200 |    617 |      0 |   5279 |   6 | 1136.2 |
       Dungeon |   6817 |   6200 |    617 |      0 |   5279 |   6 | 1136.2 |
               +--------+--------+--------+--------+--------+-----+--------+

Top non-repeatable levels by time:
     D:5: 1636 daAuts
     D:2: 1406 daAuts
     D:1: 1396 daAuts
     D:4: 1197 daAuts
     D:3: 961 daAuts
     D:6: 219 daAuts

Table legend:
 A = Kills in this place as a percentage of kills in entire the game.
 B = Kills by you in this place as a percentage of kills by you in the entire game.
 C = Kills by friends in this place as a percentage of kills by friends in the entire game.
 D = Other kills in this place as a percentage of other kills in the entire game.
 E = Experience gained in this place as a percentage of experience gained in the entire game.
 F = Experience gained in this place divided by the number of levels of this place that you have seen.
                   A       B       C       D       E      F
               +-------+-------+-------+-------+-------+----------------------
         Total | 100.0 | 100.0 |   N/A |   N/A | 100.0 | 345.8
       Dungeon | 100.0 | 100.0 |   N/A |   N/A | 100.0 | 345.8
               +-------+-------+-------+-------+-------+----------------------
